 Dungeon Crawl Stone Soup version 0.32-a0-931-g5a2cda0630 (webtiles) character file.

Game seed: 16024000362725882581

3796 Meejax the Cudgeller (level 9, -1/100 HPs)
             Began as a Demonspawn Gladiator on Apr 13, 2024.
             Was a Priest of Cheibriados.
             Slain by a black bear (2 damage)
             ... on level 8 of the Dungeon.
             The game lasted 00:15:38 (6063 turns).

Meejax the Cudgeller (Demonspawn Gladiator)         Turns: 6063, Time: 00:15:40

Health: -1/100     AC: 24    Str: 22 (24) XL:     9   Next: 96%
Magic:  15/15      EV:  2    Int: 15 (18) God:    Cheibriados [***...]
Gold:   414        SH:  4    Dex: 21 (24) Spells: 14/16 levels left

rFire   . . .        a - +1 flail (protect)
rCold   . . .        (no shield)
rNeg    . . .        l - melded +6 leather armour of Jexuibau {Harm Will- MP+9 Stlth+}
rPois   +            (helmet currently unavailable)
rElec   .            (cloak currently unavailable)
rCorr   +            (gloves currently unavailable)
SInv    .            (boots currently unavailable)
Will    ++...        p - amulet of faith
Stlth   +++          x - ring of resist corrosion
HPRegen 0.36/turn    s - ring of flight
MPRegen 0.14/turn

%: faith
@: tree-form, attractive, enlightened, very slow
A: stationary, stasis, torment immunity, boosted hp, powered by death 1,
condensation shield, (weakness stinger 2), (antennae 1), strong-willed 1,
(shaggy fur 1), inability to read after injury 1
a: Renounce Religion, Bend Time, Temporal Distortion


You were on level 8 of the Dungeon.
You worshipped Cheibriados.
Cheibriados was most pleased with you.
You were a tree.
You visited 2 branches of the dungeon, and saw 9 of its levels.

You collected 526 gold pieces.
You spent 112 gold pieces at shops.

Inventory:

Hand Weapons
 a - a +1 flail of protection (weapon)
Missiles
 d - 2 throwing nets (quivered)
 e - a javelin
Armour
 b - a +0 leather armour
 c - a +0 helmet
 f - a +1 helmet of intelligence
 k - an orb of energy
 l - the +6 leather armour of Jexuibau (melded) {Harm Will- MP+9 Stlth+}
   (You bought it in a shop on level 2 of the Dungeon)

   Will-:     It decreases your willpower.
   MP+9:      It affects your magic capacity (+9).
   Harm:      It increases damage dealt and taken.
   Stlth+:    It makes you more stealthy.
Jewellery
 i - a ring of ice
 p - an amulet of faith (around neck)
 s - a ring of flight (right branch)
 x - a ring of resist corrosion (left branch)
Scrolls
 g - a scroll of poison {unknown}
 h - a scroll of brand weapon
 j - a scroll of identify
 q - a scroll of noise
 t - 2 scrolls of torment
 u - 2 scrolls of fear
 y - 2 scrolls of teleportation
 F - a scroll of revelation
Potions
 w - a potion of degeneration
 C - 4 potions of curing


   Skills:
 + Level 4.9 Fighting
 + Level 7.4 Maces & Flails
 - Level 2.0 Throwing
 + Level 4.3 Armour
 + Level 4.9 Dodging
 + Level 3.1 Stealth
 + Level 2.0 Shields
 + Level 4.2 Spellcasting
 + Level 4.9 Summonings
 + Level 4.2 Invocations


You had 14 spell levels left.
You knew the following spells:

 Your Spells              Type           Power      Damage    Failure   Level
a - Call Imp              Summ           36%        N/A       3%          2

Your spell library contained the following spells:

 Spells                   Type           Power      Damage    Failure   Level
 Summon Ice Beast         Ice/Summ       10%        N/A       19%         3
 Sublimation of Blood     Necr           3%         N/A       26%         2
 Inner Flame              Hex/Fire       3%         N/A       47%         3
 Flame Wave               Conj/Fire      3%         2d5       87%         4
 Sticky Flame             Fire/Alch      3%         2d4       87%         4
 Summon Mana Viper        Hex/Summ       10%        N/A       87%         5
 Irradiate                Conj/Alch      1%         3d12      99%         5
 Monstrous Menagerie      Summ           9%         N/A       100%        7
 Summon Hydra             Summ           9%         N/A       100%        7
 Ignition                 Fire           1%         3d3       100%        8


Dungeon Overview and Level Annotations

Branches:
Dungeon (8/15)             Temple (1/1) D:4
   Lair: D:8-11

Altars:
Ashenzari
Cheibriados
Dithmenos
Gozag
Hepliaklqana
Kikubaaqudgha
Qazlal
Ru
Sif Muna
Trog
Uskayaw
Vehumet
Wu Jian
Xom
Yredelemnul

Shops:
D:2 [   D:4 [


Innate Abilities, Weirdness & Mutations

You are a tree.
Your roots penetrate the ground, keeping you stationary.
You cannot be teleported.
You are immune to unholy pain and torment.
Your maximum health is greatly increased.
Your equipment is partially melded.
You regenerate a little health from kills.
A meltable shield of frost defends you. (SH +4)
((You have a tail ending in a sharp stinger.))
((You have a pair of small antennae on your head.))
You are strong-willed. (Will+)
((You are covered in fur. (AC +1)))
You occasionally lose the ability to read scrolls when taking damage.


Message History

The scorpion barely misses you.
The black bear bites you but does no damage.
The black bear claws you but does no damage. x2
The scorpion stings you but does no damage.
It was a potion of magic.
Magic courses through your body. The yak misses you.
The black bear bites you but does no damage.
The black bear closely misses you.
The black bear claws you but does no damage.
The scorpion closely misses you.
It was a potion of enlightenment.
You feel more buoyant. The yak closely misses you.
The black bear barely misses you.
The black bear claws you but does no damage. x2
The scorpion closely misses you.
It was a potion of lignification.
You turn into a tree.
The +6 leather armour of Jexuibau {Harm Will- MP+9 Stlth+} melds into your body.
You feel your magic capacity decrease.
Your roots penetrate the ground.
The yak barely misses you. You block the black bear's attack.
The black bear completely misses you.
The black bear claws you but does no damage.
The scorpion stings you but does no damage.
You closely miss the black bear.
The black bear is severely wounded.
The scorpion stings you but does no damage.
The yak gores you!
* * * LOW HITPOINT WARNING * * *
The black bear bites you.
* * * LOW HITPOINT WARNING * * *
The black bear claws you but does no damage.
The black bear claws you.
* * * LOW HITPOINT WARNING * * *
You block the scorpion's attack.
It was a potion of attraction.
You feel attractive to monsters. The yak gores you.
* * * LOW HITPOINT WARNING * * *
The black bear bites you but does no damage.
You block the black bear's attack. The black bear claws you.
You die...
Cheibriados appreciates the motionlessness of death.

.P..P..... . ##
#P........ ##
.....P......
...
#.#...P.....
#..#.#........P
..............P
# #...†....PP.
#.#.#s♣h..P...
#.....Y.......
####.#.###....
##.)..###....
#))).........
##.)..##.....
###.#.# #..$
###...!.# ..
#.....###


You could see a yak, a black bear and a scorpion.

Vanquished Creatures
  A two-headed ogre (D:6)
  A gargoyle (D:6)
  Grinder (D:5)
  Prince Ribbit (D:5)
  Sigmund (D:5)
  A yak (D:6)
  2 water moccasins
  A sky beast (D:7)
  2 black bears (D:8)
  2 ice beasts
  2 centaurs
  An ogre (D:5)
  2 phantoms
  5 bullfrogs
  A gnoll sergeant (D:7)
  A scorpion (D:5)
  A howler monkey (D:6)
  3 jellies
  A bombardier beetle (D:6)
  3 orc priests
  2 iguanas
  An orc wizard (D:5)
  6 adders
  6 gnolls
  A shadow imp (D:6)
  A white imp (D:6)
  2 dart slugs
  2 ribbon worms (D:4)
  10 orcs
  7 ball pythons
  4 endoplasms
  4 giant cockroaches
  6 goblins
  8 hobgoblins
  6 kobolds
  4 quokkas
  3 bats
  4 frilled lizards
  5 rats
  A spectral hobgoblin (D:1)
116 creatures vanquished.

Vanquished Creatures (collateral kills)
  A water moccasin (D:7)
  A bullfrog (D:8)
  A scorpion (D:3)
  An iguana (D:7)
  A white imp (D:6)
  7 orcs
  An endoplasm (D:4)
  A kobold (D:4)
14 creatures vanquished.

Grand Total: 130 creatures vanquished

Notes
Turn   | Place    | Note
-------+----------+-------------------------------------------
     0 | D:1      | Meejax the Demonspawn Gladiator began the quest for the
                  | Orb.
     0 | D:1      | Reached XP level 1. HP: 16/16 MP: 1/1
   205 | D:1      | Reached skill level 3 in Maces & Flails
   209 | D:1      | Gained mutation: You have a small tail. [demonic ancestry]
   209 | D:1      | Reached XP level 2. HP: 22/22 MP: 2/2
   451 | D:1      | Found a faded altar of an unknown god.
   905 | D:2      | Found Alaur's Antique Armour Emporium.
   940 | D:2      | Bought a smoking leather armour for 112 gold pieces
   940 | D:2      | Identified the +6 leather armour of Jexuibau {Harm Will-
                  | MP+9 Stlth+} (You bought it in a shop on level 2 of the
                  | Dungeon)
  1140 | D:2      | Reached XP level 3. HP: 28/28 MP: 3/3
  1220 | D:2      | Reached skill level 1 in Armour
  1220 | D:2      | Reached XP level 4. HP: 34/34 MP: 4/4
  1799 | D:4      | Found a staircase to the Ecumenical Temple.
  1809 | Temple   | Entered the Ecumenical Temple
  1859 | Temple   | Became a worshipper of Cheibriados the Contemplative
  1941 | D:4      | Found Ujith's Armour Shoppe.
  2105 | D:4      | Reached skill level 4 in Maces & Flails
  2128 | D:4      | Gained mutation: You have a tail ending in a sharp stinger.
                  | [demonic ancestry]
  2128 | D:4      | Reached XP level 5. HP: 40/40 MP: 5/5
  2334 | D:3      | Reached skill level 1 in Stealth
  2375 | D:3      | Learned a level 2 spell: Call Imp
  2382 | D:3      | Reached * piety under Cheibriados
  2727 | D:3      | Reached skill level 1 in Invocations
  3328 | D:5      | Entered Level 5 of the Dungeon
  3340 | D:5      | Noticed Grinder
  3351 | D:5      | Paralysed by Grinder for 5 turns
  3368 | D:5      | Killed Grinder
  3369 | D:5      | Reached skill level 1 in Spellcasting
  3369 | D:5      | Reached skill level 1 in Summonings
  3369 | D:5      | Reached XP level 6. HP: 37/47 MP: 7/7
  3505 | D:5      | Noticed an ice beast
  3519 | D:5      | Killed an ice beast
  3520 | D:5      | Gained mutation: A meltable shield of frost defends you.
                  | (SH +4) [demonic ancestry]
  3520 | D:5      | Reached XP level 7. HP: 40/52 MP: 9/9
  3535 | D:5      | Noticed Prince Ribbit
  3553 | D:5      | Killed Prince Ribbit
  3553 | D:5      | Reached ** piety under Cheibriados
  3653 | D:5      | Noticed Sigmund
  3676 | D:5      | Killed Sigmund
  3677 | D:5      | Reached skill level 5 in Maces & Flails
  3677 | D:5      | Gained mutation: You regenerate a little health from kills.
                  | [demonic ancestry]
  3677 | D:5      | Reached XP level 8. HP: 50/58 MP: 11/11
  4291 | D:6      | Found a shimmering altar of Xom.
  4370 | D:6      | Reached skill level 6 in Maces & Flails
  4391 | D:6      | Noticed a gargoyle
  4394 | D:6      | Killed a gargoyle
  4504 | D:6      | Noticed a two-headed ogre
  4513 | D:6      | Killed a two-headed ogre
  4514 | D:6      | Reached XP level 9. HP: 41/65 MP: 14/14
  4517 | D:6      | Reached *** piety under Cheibriados
  4850 | D:6      | Found a radiant altar of Vehumet.
  5104 | D:6      | Gained mutation: You have a pair of small antennae on your
                  | head. [potion of mutation]
  5104 | D:6      | Gained mutation: You occasionally lose the ability to read
                  | scrolls when taking damage. [potion of mutation]
  5104 | D:6      | Gained mutation: You are covered in fur. (AC +1) [potion of
                  | mutation]
  5104 | D:6      | Gained mutation: You are strong-willed. (Will+) [potion of
                  | mutation]
  5332 | D:6      | Found an ancient bone altar of Kikubaaqudgha.
  5415 | D:7      | Found an opulent altar of Gozag.
  5459 | D:7      | Found a broken altar of Ashenzari.
  5531 | D:7      | Reached skill level 7 in Maces & Flails
  5584 | D:7      | Reached skill level 1 in Shields
  6062 | D:8      | HP: 4/100 [black bear (3)]
  6063 | D:8      | HP: 1/100 [yak (3)]
  6063 | D:8      | Slain by a black bear

Illustrated notes

Levels and vault maps discovered:
D:1:      dpeg_arrival_houses_and_road, layout_loops_ring,
          dreamdust_ecumenical_altar_drowned_temple,
          hangedman_abyss_or_decor_lesser_grid, glass_columns_a, minivault_27
D:2:      cheibrodos_pilgrimage, layout_rooms, serial_shops, shop
D:3:      layout_basic, minmay_randomly_rotated_circles
D:4:      layout_loops_ring, minmay_temple_entry_grid, serial_shops,
          nicolae_shop_peninsula
D:5:      layout_rooms, uniq_grinder, uniq_sigmund, uniq_prince_ribbit1
D:6:      layout_loops_ring, mainiacjoe_overflow_surrounded_room,
          mainiacjoe_overflow_six_doors_small, amethyst_overflow_temple_binary,
          st_stairs_6, kb_rosetta
D:7:      layout_gridville, general_overflow_altar, mainiacjoe_overflow_alcove_4
D:8:      layout_loops_corners, elyvilon_altar_1, makhleb_blood_cavern_becter,
          fedhas_bush_and_centaur_altar, due_lair_maze_entry_diamond,
          serial_co_window_serial, co_window_of_opportunity_a,
          co_window_of_opportunity_a, co_window_of_opportunity_a,
          co_window_paths_b, co_window_of_opportunity_a,
          co_window_of_opportunity_c, co_window_2corner, co_window_corner_ca,
          glass_columns_a
Temple:   chequers_temple_sunken

Skill      XL: |  1  2  3  4  5  6  7  8  9 |
---------------+----------------------------+-----
Maces & Flails | 3 4 5 6 7 |  7.4
Armour         | 1 2 3 4 |  4.3
Dodging        | 3 4 |  4.9
Stealth        | 1 2 3 |  3.1
Throwing       | 2 |  2.0
Fighting       | 3 4 |  4.9
Invocations    | 2 3 4 |  4.2
Spellcasting   | 1 2 3 4 |  4.2
Summonings     | 1 2 4 |  4.9
Shields        | 2 |  2.0

Action                     |  1- 3 |  4- 6 |  7- 9 || total
---------------------------+-------+-------+-------++-------
  Melee: Flail             |    67 |   122 |   175 ||   364
         Tailslap          |     5 |    20 |    41 ||    66
  Throw: Throwing net      |       |     2 |     1 ||     3
   Cast: Call Imp          |       |    10 |    24 ||    34
 Invoke: Bend Time         |       |       |     3 ||     3
         Temporal Distorti |       |       |     2 ||     2
    Use: Scroll            |     4 |     8 |     5 ||    17
         Potion            |       |     2 |     9 ||    11
   Stab: Sleeping          |     2 |     6 |     1 ||     9
         Distracted        |       |       |     2 ||     2
         Invisible         |       |       |     1 ||     1
 Armour: Leather armour    |    31 |    93 |   188 ||   312
         Skin              |       |       |    10 ||    10
  Dodge: Dodged            |    39 |    67 |   234 ||   340
  Block: Other             |       |       |    48 ||    48

Table legend: (Time is in decaauts)
 A = Elapsed time spent in this place.
 B = Non-inter-level travel time spent in this place.
 C = Inter-level travel time spent in this place.
 D = Time resting spent in this place.
 E = Time spent auto-exploring this place.
 F = Levels seen in this place.
 G = Mean time per level.
                   A        B        C        D        E       F      G
               +--------+--------+--------+--------+--------+-----+--------+
         Total |   7464 |   7206 |    258 |    183 |   5615 |   9 |  829.3 |
       Dungeon |   7390 |   7140 |    250 |    183 |   5615 |   8 |  923.8 |
        Temple |     74 |     67 |      7 |      0 |      0 |   1 |   74.0 |
               +--------+--------+--------+--------+--------+-----+--------+

Top non-repeatable levels by time:
     D:6: 1652 daAuts
     D:3: 1243 daAuts
     D:5: 1039 daAuts
     D:4: 1038 daAuts
     D:1: 943 daAuts
     D:7: 873 daAuts
     D:2: 473 daAuts
     D:8: 128 daAuts
  Temple: 74 daAuts
